Match 25036420
Unlisted

Match 25036420
End
Construct Section Command Post
Selects Heavy Armor Battlegroup
Vickers Machine Gun Team
Infantry Section
Infantry Section
Grenade Package
Selects Rigorous Vehicle Training
Infantry Section
Construct Platoon Command Post
Construct Field Infirmary
Unlock Bishop Self-propelled Artillery
Bishop Self-propelled Artillery
Bishop Self-propelled Artillery
Selects Crusader AA Medium Tank
Crusader AA Medium Tank
Selects Light Vehicle Withdraw and Refit
6-pounder Anti-tank Gun Team
Selects Forward Repair Assembly
Construct Company Command Post
Unlock Towed 17-pounder Anti-tank Guns
17-pounder Anti-tank Gun Team
Matilda II Heavy Tank
Armored Vehicle Training
Selects Recon Artillery
Recon Artillery
Vickers Machine Gun Team
Recon Artillery
Royal Engineer Section
Recon Artillery
Royal Engineer Section
Recon Artillery
Royal Engineer Section
[NL]coldbullet
TheWishbone
jurre001
Mr.Larry.Mx
asado de perro
MR.DOGO-YT
bisivan1
Eber
0
0

Comments sign in to comment!

No comments posted yet!